Map: Torres del ocaso

Players

ApolloPrime

  • Race: Zerg Zerg
  • League: Diamond

Maturtle - Winner!

  • Race: Terran Terran
  • League: Platinum

VOD

Have the link to the VOD?

Description

I defended a pylon overcharge and then tried a counter attack that failed. Then was just a macro game when i get massacred by protoss deathball.

Time

  • Played on: Nov. 29, 2015, 9:23 p.m.
  • Length: 14:22
Show
View Real Time Build Order
Export as new Build Order

ApolloPrime Zerg 

Build Orders: Hatch First 

Get SALT Encoding   

  12  0:00  Drone  
  13  0:12  Overlord  
  13  0:17  Drone  
  14  0:23  Drone, Extractor  
  15  0:31  Drone  
  15  0:35  Drone  
  17  0:53  Hatchery  
  17  0:56  Drone  
  17  0:59  Drone  
  18  1:04  Extractor  
  18  1:07  Drone  
  18  1:19  Spawning Pool  
  18  1:21  Drone  
  18  1:29  Drone  
  19  1:39  Overlord  
  19  2:08  Metabolic Boost  
  19  2:10  Queen x2  
  19  2:11  Zergling x2  
  19  2:12  Drone  
  19  2:13  Drone  
  26  2:23  Drone x3  
  26  2:27  Drone  
  30  2:39  Evolution Chamber  
  30  2:40  Drone x2  
  30  2:52  Drone  
  30  2:53  Drone  
  30  2:56  Drone  
  33  2:59  Zergling x2  
  34  3:06  Zerg Melee Weapons Level 1  
  34  3:07  Zergling x2  
  34  3:17  Zergling x4  
  36  3:21  Overlord  
  36  3:22  Overlord  
  36  3:25  Lair  
  35  3:54  Hatchery  
  35  3:55  Drone x5  
  35  3:56  Drone x3  
  35  3:57  Roach Warren  
  41  4:22  Extractor  
  41  4:24  Extractor  
  39  4:25  Drone x2  
  39  4:26  Drone x3  
  39  4:30  Extractor  
  39  4:31  Drone x4  
  47  4:47  Drone x4  
  51  4:53  Overlord x2  
  51  5:06  Drone  
  52  5:07  Drone x6  
  52  5:11  Glial Reconstitution, Queen  
  52  5:13  Zerg Melee Weapons Level 2  
  60  5:18  Evolution Chamber  
  60  5:20  Drone  
  60  5:21  Drone x3, Spire  
  63  5:23  Drone  
  63  5:26  Drone x3  
  66  5:29  Roach x2  
  72  5:35  Roach  
  72  5:36  Roach  
  72  5:38  Overlord, Extractor  
  72  5:39  Overlord, Extractor  
  72  5:43  Overlord  
  72  5:44  Drone  
  73  5:56  Overlord  
  73  6:04  Drone x7  
  74  6:07  Hatchery  
  74  6:10  Roach  
  81  6:12  Zerg Missile Weapons Level 1  
  81  6:16  Overlord x2  
  81  6:17  Roach x2  
  85  6:24  Drone x3  
  85  6:25  Roach  
  90  6:28  Roach x2  
  94  6:33  Zerg Flyer Weapons Level 1  
  94  6:38  Mutalisk x3  
  100  6:41  Mutalisk  
  100  6:42  Mutalisk  
  100  6:44  Mutalisk  
  106  6:47  Mutalisk  
  106  6:49  Mutalisk  
  106  6:52  Mutalisk  
  112  7:03  Drone x2, Overlord  
  112  7:04  Overlord x3  
  114  7:18  Queen  
  114  7:19  Overlord  
  114  7:20  Mutalisk x2  
  114  7:22  Drone  
  121  7:23  Mutalisk x3  
  121  7:25  Drone x4  
  131  7:40  Mutalisk x3  
  137  7:45  Drone x6  
  137  7:46  Drone x2  
  137  7:48  Drone x3, Extractor  
  137  7:51  Extractor  
  140  8:06  Mutalisk x4  
  140  8:11  Mutalisk  
  140  8:12  Zergling x2  
  149  8:13  Zergling x18  
  158  8:24  Roach  
  160  8:29  Overlord x3  
  160  8:34  Overlord x3  
  160  8:36  Pneumatized Carapace  
  160  8:49  Zerg Missile Weapons Level 2  
  160  8:50  Zerg Ground Armor Level 1  
  160  8:51  Infestation Pit  
  160  8:52  Roach  
  160  8:53  Roach x7  
  160  8:54  Hatchery, Zergling x8  
  178  9:01  Hatchery  
  174  9:16  Roach x11  
  189  9:18  Ravager x2  
  189  9:19  Ravager x3  
  189  9:20  Zergling x2  
  189  9:21  Zergling x4  
  197  9:24  Zergling x4  
  194  9:44  Roach x3  
  194  9:45  Roach  
  180  9:47  Roach x3  
  180  9:48  Roach x4  
  169  9:54  Roach x3  
  169  9:55  Roach  
  169  9:58  Mutalisk x2  
  180  10:00  Mutalisk x3  
  180  10:06  Drone  
  187  10:13  Drone x2  
  187  10:14  Drone x3  
  192  10:19  Zergling x4  
  179  10:36  Mutalisk  
  179  10:37  Mutalisk x6  
  179  10:39  Zergling x14  
  200  10:56  Zerg Flyer Weapons Level 2  
  200  11:00  Extractor  
  200  11:01  Extractor  
  200  11:02  Zergling x2  
  200  11:03  Zergling x2  
  190  11:33  Mutalisk x4  
  190  11:34  Corruptor  
  190  11:35  Corruptor x3  
  196  11:40  Corruptor x2  
  200  11:53  Hive  
  200  11:57  Overseer  
  181  12:17  Corruptor  
  181  12:18  Corruptor x5  
  181  12:22  Corruptor  
  195  12:43  Hatchery, Corruptor x2  
  198  12:45  Zergling x2  
  130  13:13  Roach x5  
  130  13:14  Roach x23  
  186  13:32  Roach  
  186  13:33  Roach x6  
  200  13:48  Overlord x3  
  177  13:56  Roach  
  177  13:57  Roach x9  
  177  14:01  Roach x2  
Show
View Real Time Build Order
Export as new Build Order

Maturtle Terran - Winner!

Build Orders: Reaper Expand, Mech 

Get SALT Encoding   

  12  0:02  SCV  
  14  0:14  SCV  
  14  0:18  Supply Depot  
  14  0:26  SCV  
  15  0:40  SCV  
  15  0:41  Barracks  
  16  0:45  Refinery  
  16  0:52  SCV  
  17  1:04  SCV  
  18  1:16  SCV  
  19  1:28  Orbital Command  
  19  1:29  Reaper  
  19  1:30  Supply Depot  
  20  1:56  SCV  
  20  1:58  Command Center  
  21  2:01  Reaper  
  22  2:12  SCV  
  23  2:24  SCV  
  23  2:26  Factory  
  24  2:36  SCV  
  25  2:48  SCV  
  26  2:56  Refinery  
  26  2:59  Barracks Reactor  
  26  3:00  SCV  
  27  3:14  SCV  
  28  3:22  Orbital Command  
  28  3:26  SCV  
  29  3:28  Engineering Bay  
  29  3:29  Command Center  
  29  3:41  Factory  
  29  3:42  Bunker  
  29  3:50  Orbital Command  
  29  3:51  Hellion x2  
  29  3:52  Barracks Tech Lab  
  31  4:09  SCV  
  32  4:13  Hellion x2  
  32  4:15  SCV  
  37  4:21  SCV  
  37  4:23  Supply Depot  
  38  4:25  Supply Depot  
  38  4:28  SCV  
  38  4:29  Barracks Tech Lab, Factory  
  39  4:35  Siege Tank, Orbital Command  
  39  4:37  Hellion x2  
  46  4:41  SCV  
  47  4:53  SCV, Orbital Command  
  48  5:00  Refinery  
  48  5:04  Bunker  
  48  5:07  Infernal Pre-Igniter  
  48  5:10  SCV  
  48  5:13  SCV  
  51  5:21  SCV  
  51  5:22  SCV  
  51  5:25  SCV  
  53  5:33  SCV  
  53  5:34  SCV  
  55  5:37  Cyclone x2  
  55  5:40  Hellion x2  
  65  5:42  Refinery  
  65  5:46  SCV x3  
  68  5:52  Barracks Reactor  
  68  5:53  Starport  
  68  5:57  Supply Depot  
  68  5:58  SCV  
  68  5:59  Supply Depot  
  68  6:01  SCV x2  
  71  6:10  SCV  
  72  6:13  SCV x2, Cyclone  
  72  6:17  Refinery  
  77  6:22  Supply Depot, Cyclone  
  80  6:25  SCV  
  80  6:26  Supply Depot, SCV  
  80  6:27  Refinery  
  80  6:29  Liberator  
  80  6:31  Liberator  
  82  6:42  Hellion x2  
  82  6:44  SCV  
  90  6:50  Supply Depot  
  90  6:51  Supply Depot  
  90  6:52  SCV x2  
  95  6:56  SCV  
  95  7:01  Armory  
  96  7:04  SCV x2  
  96  7:05  Cyclone  
  96  7:07  Missile Turret  
  101  7:09  SCV  
  101  7:11  Missile Turret  
  101  7:13  Missile Turret  
  101  7:15  Missile Turret  
  102  7:16  SCV  
  102  7:19  Missile Turret  
  102  7:20  Missile Turret  
  102  7:22  Barracks Reactor  
  103  7:24  Cyclone  
  103  7:25  SCV  
  107  7:32  Missile Turret  
  107  7:40  Missile Turret  
  107  7:42  Missile Turret  
  107  7:43  Missile Turret  
  107  7:50  Liberator x2  
  107  7:53  Thor  
  107  7:56  Thor  
  113  8:10  Hellion x2  
  123  8:18  Supply Depot  
  123  8:24  Command Center  
  123  8:25  Starport  
  123  8:30  Barracks Tech Lab  
  123  8:34  Supply Depot, Hellion  
  125  8:38  Supply Depot, Mag-Field Accelerator  
  125  8:40  Supply Depot, Hellion  
  127  8:42  Thor  
  133  8:55  SCV  
  133  8:56  SCV x2  
  133  8:57  Factory, Liberator x2  
  133  8:58  Liberator  
  133  9:01  Factory  
  133  9:02  Supply Depot  
  136  9:07  SCV  
  136  9:08  SCV  
  136  9:09  SCV  
  146  9:20  SCV  
  146  9:21  SCV  
  148  9:38  Hellion x2, Siege Tank  
  155  9:45  Hellion  
  146  9:50  Liberator x2  
  118  9:54  Factory Reactor  
  118  9:56  Factory Tech Lab  
  118  9:59  Hellion  
  105  10:03  Orbital Command  
  105  10:05  Thor  
  111  10:10  Thor  
  111  10:14  Supply Depot  
  123  10:18  Siege Tank  
  126  10:24  Hellion  
  126  10:25  Hellion  
  128  10:30  SCV  
  128  10:31  SCV x2  
  128  10:37  Liberator x4  
  128  10:38  Supply Depot  
  128  10:39  Hellion x2  
  133  10:43  SCV  
  133  10:46  Orbital Command  
  137  10:54  Refinery  
  145  11:02  Hellion x2, Siege Tank  
  152  11:05  Factory Reactor  
  152  11:08  Refinery, Terran Vehicle Weapons Level 1  
  152  11:12  Command Center  
  152  11:13  Siege Tank  
  155  11:18  SCV  
  155  11:19  SCV x2  
  155  11:20  Liberator  
  155  11:21  SCV  
  158  11:30  SCV  
  158  11:31  SCV x2  
  157  11:36  Siege Tank x2  
  166  11:50  Hellion x4, Siege Tank  
  177  11:56  SCV x2  
  179  12:02  Command Center, Missile Turret  
  179  12:04  Liberator x2  
  171  12:14  SCV x2  
  170  12:22  Hellion x3, Siege Tank x2  
  188  12:23  SCV x2  
  188  12:25  Planetary Fortress  
  188  12:29  Command Center  
  190  12:31  SCV  
  190  12:32  SCV  
  190  12:36  Hellion x2  
  196  12:40  SCV  
  196  12:41  SCV  
  198  12:45  Supply Depot  
  198  12:52  SCV x2  
  198  12:53  Liberator  
  195  13:09  Viking x3  
  195  13:11  Siege Tank  
  195  13:12  Siege Tank  
  179  13:13  SCV x2  
  179  13:18  Orbital Command  
  181  13:20  Command Center  
  181  13:22  Liberator  
  181  13:33  SCV  
  181  13:34  SCV  
  183  13:39  SCV x2  
  186  13:42  Orbital Command  
  186  13:43  Supply Depot  
  186  13:44  SCV  
  186  13:45  SCV  
  179  13:59  Hellion x4  
  178  14:06  SCV  
  178  14:07  SCV  
  178  14:08  SCV x2  
  171  14:15  Refinery  
  171  14:19  Refinery  
Tags
 
Add a new tag
Caveats
  • Supply blocks, unpowered buildings, or Contaminate may cause inaccurate times.
  • Supply counts are checked every 10 seconds.